 Dungeon Crawl Stone Soup version 0.26.0-18-gc5c842f807 (webtiles) character file.

Game seed: 13058128501427271346

11937 Gauvater the Thaumaturge (level 11, -5/70 HPs)
             Began as an Octopode Fire Elementalist on Jan 22, 2021.
             Was an Initiate of Gozag.
             Slain by a large abomination (16 damage)
             ... on level 10 of the Dungeon on Jan 23, 2021.
             The game lasted 02:06:28 (17339 turns).

Gauvater the Thaumaturge (OpFE)                    Turns: 17339, Time: 02:06:29

Health: -5/70      AC:  5    Str:  8    XL:     11   Next: 85%
Magic:  0/33       EV: 20    Int: 21    God:    Gozag
Gold:   345        SH:  0    Dex: 12    Spells: 15/28 levels left

rFire    . . .     SeeInvis .   N - staff of conjuration
rCold    . . .     Faith    .   (no shield)
rNeg     . . .     Spirit   +   y - +2 hat
rPois    .         Reflect  .   v - amulet of guardian spirit
rElec    .         Harm     .   D - +4 ring of evasion
rCorr    .         Rampage  .   l - ring of magical power
Will     .....                  (no ring)
Stlth    ++++......             (no ring)
HPRegen  0.21/turn              (no ring)
MPRegen  0.23/turn              (no ring)
                                (no ring)
                                (no ring)

@: berserk cooldown, hasted and slowed
A: almost no armour, stealthy swim, amphibious, 8 rings, constrict 8, antennae
1, slimy green scales 1, camouflage 1, wild magic 1, gelatinous body 1
a: Renounce Religion, Potion Petition, Call Merchant, Bribe Branch


You were on level 10 of the Dungeon.
You worshipped Gozag.
Gozag was aware of your devotion.
You visited 1 branch of the dungeon, and saw 10 of its levels.

You collected 2158 gold pieces.
You paid 1813 gold pieces to Gozag.

Inventory:

Hand Weapons
 g - a +0 spear
 m - a +5 short sword
 n - a +2 dagger of venom
 t - a +0 quarterstaff of holy wrath
 C - a +1 vampiric short sword
 F - the +5 long sword of Bioxeestred {venom, +Blink}
   (You took it off an ogre mage on level 9 of the Dungeon)

   It poisons the flesh of those it strikes.
   It lets you blink.
Missiles
 a - 34 poisoned darts
 b - 19 boomerangs (quivered)
 f - 117 arrows
 h - 40 bolts
 o - 296 stones
 q - 47 sling bullets
 s - a throwing net
 E - 7 atropa-tipped darts
 K - 13 javelins
Armour
 y - a +2 hat (worn)
Magical Staves
 c - an uncursed staff of cold
 N - an uncursed staff of conjuration (weapon)
Jewellery
 l - a ring of magical power (right tentacle)
 v - an amulet of guardian spirit (around mantle)
 D - a +4 ring of evasion (left tentacle)
Wands
 d - a wand of enslavement (6)
 u - a wand of flame (19)
 G - a wand of digging (4)
 O - a wand of iceblast (7)
Scrolls
 e - 2 scrolls of fear {unknown}
 j - a scroll of blinking {unknown}
 k - a scroll of fog {unknown}
 p - 3 scrolls of amnesia
 r - 6 scrolls of enchant armour
 w - 4 scrolls of remove curse
 B - 2 scrolls of magic mapping
 H - a scroll of immolation {unknown}
 M - a scroll of noise {unknown}
Potions
 i - 2 potions of flight
 x - a potion of magic {unknown}
 z - 2 potions of curing
 A - a potion of berserk rage
 J - a potion of brilliance {unknown}
Miscellaneous
 I - a lightning rod (4/4)


   Skills:
 + Level 4.6 Fighting
 + Level 4.4 Short Blades
 - Level 0.9(2.9) Long Blades
 + Level 1.3(1.9) Polearms
 * Level 1.9(2.2) Staves
 - Level 4.3 Throwing
 + Level 6.3 Dodging
 + Level 7.4 Stealth
 + Level 0.4 Unarmed Combat
 * Level 9.1 Spellcasting
 + Level 7.1 Conjurations
 + Level 8.5 Fire Magic
 * Level 1.7 Evocations


You had 15 spell levels left.
You knew the following spells:

 Your Spells              Type           Power        Failure   Level
a - Foxfire               Conj/Fire      100%         1%          1
b - Conjure Flame         Conj/Fire      70%          1%          3
c - Sticky Flame          Conj/Fire      70%          4%          4
d - Fireball              Conj/Fire      35%          12%         5

Your spell library contained the following spells:

 Spells                   Type           Power        Failure   Level
 Inner Flame              Hex/Fire       35%          6%          3
 Animate Skeleton         Necr           24%          11%         1
 Apportation              Tloc           24%          11%         1
 Corona                   Hex            13%          11%         1
 Freeze                   Ice            48%          11%         1
 Summon Small Mammal      Summ           48%          11%         1
 Call Imp                 Summ           12%          16%         2
 Swiftness                Air            12%          16%         2
 Hailstorm                Conj/Ice       48%          22%         4
 Confusing Touch          Hex            12%          30%         3
 Frozen Ramparts          Ice            24%          30%         3
 Gell's Gravitas          Tloc           6%           30%         3
 Ozocubu's Armour         Ice            12%          30%         3
 Summon Guardian Golem    Hex/Summ       12%          30%         3
 Vampiric Draining        Necr           6%           30%         3
 Airstrike                Air            6%           65%         4
 Petrify                  Tmut/Erth      12%          65%         4
 Summon Ice Beast         Ice/Summ       12%          65%         4
 Summon Lightning Spire   Summ/Air       12%          65%         4
 Metabolic Englaciation   Hex/Ice        6%           93%         5
 Summon Demon             Summ           6%           93%         5
 Summon Forest            Summ/Tloc      6%           93%         5
 Yara's Violent Unravell  Hex/Tmut       6%           93%         5
 Freezing Cloud           Conj/Ice/Air   19%          99%         6


Dungeon Overview and Level Annotations

Branches:
Dungeon (10/15)            Temple (0/1) D:5            Lair (0/6) D:9
    Orc: D:9-12

Altars:
Cheibriados
Dithmenos
Gozag
Makhleb
Sif Muna
Trog
Vehumet
Yredelemnul
The Shining One

Shops:
D:6 *

Annotations:
D:3 Sigmund


Innate Abilities, Weirdness & Mutations

You cannot wear most types of armour.
You are very stealthy in the water. (Stealth+)
You are amphibious.
You can wear up to eight rings at the same time.
You can use your tentacles to constrict eight enemies at once.
Your skin changes colour to match your surroundings (Stealth+).
Your rubbery body absorbs attacks. (AC +1, EV +1)
You have a pair of small antennae on your head.
You are partially covered in slimy green scales. (AC +2)
Your spells are a little harder to cast, but a little more powerful.


Message History

You are too berserk!
You completely miss the large abomination.
Your squeeze misses the large abomination.
The large abomination is heavily damaged.
The large abomination misses you.
You barely miss the large abomination.
The large abomination is heavily damaged.
The large abomination barely misses you.
You barely miss the large abomination.
The large abomination is heavily damaged.
The large abomination misses you.
You feel a strong urge to attack something.
You are no longer berserk.
You are exhausted.
You feel yourself slow down.
There is a stone staircase leading up here.
Okay, then.
You feel yourself speed up. The large abomination hits you!!
You die...
Your body crumbles into a pile of gold.

.......###########...........#
.......#.........#...........#
.......'.........#.....<.....#
.......#.........####........#
#......#............#........###
#......#............###........#
#......##.............#......<.#
#.......#.......[.....#........#
#.......+.....[X@.....#........#
####....#......[[.....#........#
...#....#.............#..#######
...#....#############'#..#
...#.....................#
...#.....................#
...#..#####..######......#
...'..# #..#....#......# ####..#
+..#....#......#


You could see a large abomination.

Vanquished Creatures
  Harold (D:7)
  A centaur warrior (D:9)
  An ogre mage (D:9)
  A two-headed ogre (D:8)
  2 large abominations (D:10)
  A wizard (D:10)
  A manticore (D:9)
  3 trolls (D:9)
  Prince Ribbit (D:6)
  A vampire (D:9)
  2 wyverns
  Eustachio (D:6)
  4 small abominations
  6 yaks
  Duvessa (D:6)
  A water moccasin (D:6)
  3 orc warriors
  A sky beast (D:7)
  5 black bears
  2 ice beasts
  3 ogres
  A phantom (D:9)
  3 centaurs (D:9)
  A necrophage (D:9)
  Blork the orc (D:6)
  9 bullfrogs
  Dowan (D:6)
  5 killer bees
  A water moccasin skeleton (D:2)
  4 scorpions
  5 wights (D:10)
  A centaur zombie (D:9)
  3 jellies
  A gnoll shaman (D:4)
  6 orc priests
  4 hounds
  Ijyb (D:3)
  4 iguanas
  15 orc wizards
  5 worker ants
  3 hound skeletons
  16 adders
  4 white imps
  An ufetubus (D:5)
  2 oozes
  2 adder skeletons
  2 worms
  2 dart slugs
  6 leopard geckos
  44 orcs
  3 giant cockroaches
  11 goblins
  8 hobgoblins
  A jackal (D:4)
  6 quokkas
  2 ball pythons
  10 bats
  6 frilled lizards
  10 kobolds
  2 leopard gecko skeletons
  A quokka skeleton (D:4)
  5 rats
260 creatures vanquished.

Vanquished Creatures (collateral kills)
  A foxfire (D:4)
1 creature vanquished.

Vanquished Creatures (others)
  905 foxfires
905 creatures vanquished.

Grand Total: 1166 creatures vanquished

Notes
Turn   | Place    | Note
-------+----------+-------------------------------------------
     0 | D:1      | Gauvater the Octopode Fire Elementalist began the quest for
                  | the Orb.
     0 | D:1      | Reached XP level 1. HP: 11/11 MP: 3/3
   347 | D:1      | Reached XP level 2. HP: 12/17 MP: 3/5
   814 | D:1      | Reached XP level 3. HP: 21/21 MP: 3/6
  1974 | D:2      | Found a burning altar of Makhleb.
  1980 | D:2      | Reached XP level 4. HP: 10/27 MP: 8/8
  2500 | D:2      | Reached skill level 3 in Spellcasting
  2500 | D:2      | Reached XP level 5. HP: 31/31 MP: 9/9
  2847 | D:3      | Noticed Sigmund
  2893 | D:3      | Found an opulent altar of Gozag.
  3061 | D:3      | Noticed Ijyb
  3074 | D:3      | Killed Ijyb
  3428 | D:3      | Found a shadowy altar of Dithmenos.
  3469 | D:3      | Became a worshipper of Gozag Ym Sagoz the Greedy
  3716 | D:3      | Reached XP level 6. HP: 33/37 MP: 11/11
  4166 | D:4      | You fall into a shaft and drop 1 floor!
  4166 | D:5      | Entered Level 5 of the Dungeon
  4213 | D:5      | Found a staircase to the Ecumenical Temple.
  4909 | D:4      | Got a slimy halberd
  4909 | D:4      | Identified the cursed +2 halberd "Hyesemmi" {spect, rC-
                  | Will++ Str-4 Dex+10} (You found it on level 4 of the
                  | Dungeon)
  5004 | D:4      | Reached skill level 1 in Fighting
  5150 | D:4      | Reached XP level 7. HP: 31/43 MP: 12/12
  5478 | D:4      | Reached skill level 4 in Spellcasting
  5741 | D:4      | Reached skill level 1 in Polearms
  5741 | D:4      | Reached skill level 5 in Fire Magic
  6252 | D:5      | Learned a level 3 spell: Conjure Flame
  6322 | D:5      | Found a bloodstained altar of Trog.
  6699 | D:5      | Got a dazzling whip
  6700 | D:5      | Identified the +0 whip of the Mosquito {vorpal, rElec} (You
                  | found it on level 5 of the Dungeon)
  6860 | D:6      | Found Quotho Jocwa's General Store.
  6905 | D:6      | Noticed Blork the orc
  6918 | D:6      | Killed Blork the orc
  6919 | D:6      | Reached XP level 8. HP: 38/49 MP: 13/15
  7309 | D:6      | Noticed Prince Ribbit
  7353 | D:6      | Gained mutation: You have a pair of small antennae on your
                  | head. [potion of mutation]
  7353 | D:6      | Gained mutation: Your spells are a little harder to cast,
                  | but a little more powerful. [potion of mutation]
  7353 | D:6      | Gained mutation: You are partially covered in slimy green
                  | scales. (AC +2) [potion of mutation]
  7366 | D:6      | Killed Prince Ribbit
  7367 | D:6      | Reached skill level 5 in Spellcasting
  7370 | D:6      | Reached skill level 5 in Stealth
  7790 | D:6      | Noticed Eustachio
  8006 | D:6      | Killed Eustachio
  8599 | D:6      | Reached skill level 1 in Throwing
  8716 | D:6      | Noticed Dowan
  8717 | D:6      | Noticed Duvessa
  8733 | D:6      | Killed Duvessa
  8734 | D:6      | Reached XP level 9. HP: 54/54 MP: 17/17
  8737 | D:6      | Killed Dowan
  8738 | D:6      | Reached skill level 5 in Conjurations
 10324 | D:7      | Reached skill level 1 in Short Blades
 10336 | D:7      | Found a glowing golden altar of the Shining One.
 10385 | D:7      | Reached skill level 6 in Spellcasting
 10396 | D:7      | Learned a level 4 spell: Sticky Flame
 10613 | D:7      | Noticed Harold
 10638 | D:7      | Killed Harold
 10639 | D:7      | Reached skill level 5 in Dodging
 10639 | D:7      | Reached XP level 10. HP: 54/63 MP: 17/19
 11387 | D:7      | Found a radiant altar of Vehumet.
 11389 | D:7      | You fall into a shaft and drop 2 floors!
 11396 | D:9      | Noticed an ogre mage
 11499 | D:9      | Identified the +5 long sword of Bioxeestred {venom, +Blink}
 11629 | D:9      | Noticed a centaur warrior
 11671 | D:9      | Found a snail-covered altar of Cheibriados.
 11813 | D:9      | Found a shimmering blue altar of Sif Muna.
 12418 | D:8      | Noticed a two-headed ogre
 12434 | D:8      | Killed a two-headed ogre
 12435 | D:8      | Reached skill level 7 in Spellcasting
 13094 | D:9      | Killed an ogre mage
 13261 | D:9      | Reached XP level 11. HP: 60/68 MP: 17/22
 13276 | D:9      | Noticed a manticore
 13581 | D:9      | Killed a manticore
 13587 | D:9      | Identified the Reference Book on Flight and Evil Arts
 13763 | D:9      | Killed a centaur warrior
 13764 | D:9      | Reached skill level 8 in Spellcasting
 14402 | D:9      | Identified the Grimoire of the Escort
 14440 | D:9      | Identified Sif Muna's Tome of Slavery
 14887 | D:9      | Found a staircase to the Lair.
 14956 | D:9      | Found a basalt altar of Yredelemnul.
 15055 | D:10     | Entered Level 10 of the Dungeon
 15915 | D:9      | Learned a level 5 spell: Fireball
 16165 | D:10     | Noticed a wizard
 16172 | D:10     | Killed a wizard
 16173 | D:10     | Reached skill level 1 in Staves
 16420 | D:10     | Noticed a large abomination
 16420 | D:10     | Noticed a large abomination
 16420 | D:10     | Noticed a large abomination
 16420 | D:10     | Noticed a large abomination
 16468 | D:9      | Reached skill level 1 in Evocations
 16927 | D:10     | Killed a large abomination
 16928 | D:10     | Reached skill level 9 in Spellcasting
 16944 | D:10     | Killed a large abomination
 17339 | D:10     | Slain by a large abomination

Illustrated notes

Levels and vault maps discovered:
D:1:      lemuel_arrival_tunnels, layout_loops_ring, supply_closet_lemuel,
          minivault_23
D:2:      layout_loops_corners, makhleb_heckhound_becter
D:3:      layout_rooms, lemuel_coloured_pillars_altar,
          grunt_dithmenos_smoke_and_mirrors, uniq_sigmund, uniq_ijyb
D:4:      layout_basic, nzn_random_ring
D:5:      layout_gridville, overflow_temple_1_default, temple_fountains,
          due_unseen_surprise
D:6:      layout_layer_cave, serial_shops, shop, uniq_prince_ribbit1,
          uniq_eustachio, uniq_blork_the_orc, uniq_duvessa
D:7:      layout_rooms, overflow_temple_1_default, amcnicky_mini_pool_small,
          nicolae_tso_carved_into_rock, uniq_harold
D:8:      layout_loops_cross
D:9:      minmay_cut_squares, layout_small_grid, slow_altar_2, basic_altar,
          led_sif_book
D:10:     layout_irregular_city, minmay_misc_feat_nine_boxes, laboratory

Skill      XL: |  1  2  3  4  5  6  7  8  9 10 11 |
---------------+----------------------------------+-----
Spellcasting   | 3 4 5 6 7 9 |  9.1
Fire Magic     | 4 5 6 7 8 |  8.5
Stealth        | 3 4 5 6 7 |  7.4
Conjurations   | 2 3 4 5 6 7 |  7.1
Fighting       | 1 2 3 4 |  4.6
Polearms       | 1 |  1.3
Dodging        | 3 5 6 |  6.3
Throwing       | 1 3 4 |  4.3
Short Blades   | 3 4 |  4.4
Staves         | 1 |  1.9
Evocations     | 1 |  1.7
Long Blades    | |  0.9
Unarmed Combat | |  0.4

Action                   |  1- 3 |  4- 6 |  7- 9 | 10-12 || total
-------------------------+-------+-------+-------+-------++-------
Melee: Unarmed           |     8 |       |       |       ||     8
       Constrict         |     5 |    10 |    22 |    29 ||    66
       Spear             |     2 |    29 |    26 |     3 ||    60
       Tentacles         |       |     3 |    21 |    37 ||    61
       Halberd           |       |     4 |       |       ||     4
       Short sword       |       |       |    91 |    52 ||   143
       Whip              |       |       |     5 |       ||     5
       Dagger            |       |       |       |    13 ||    13
       Long sword        |       |       |       |    82 ||    82
       Quarterstaff      |       |       |       |    28 ||    28
       Staff             |       |       |       |    29 ||    29
       Punch             |       |       |       |     1 ||     1
Throw: Dart              |       |       |    12 |    35 ||    47
       Boomerang         |       |       |    22 |    79 ||   101
       Throwing net      |       |       |       |     2 ||     2
 Cast: Foxfire           |    47 |   113 |   163 |   200 ||   523
       Conjure Flame     |       |       |    16 |    30 ||    46
       Sticky Flame      |       |       |       |     2 ||     2
       Fireball          |       |       |       |     2 ||     2
Invok: Potion Petition   |       |       |       |     4 ||     4
  Use: Scroll            |     1 |     4 |     6 |     4 ||    15
       Potion            |       |       |     8 |     6 ||    14
 Stab: Sleeping          |       |     1 |     1 |    10 ||    12
       Invisible         |       |       |     1 |       ||     1
       Distracted        |       |       |       |     1 ||     1
Armor: Skin              |     7 |     5 |    22 |    33 ||    67
Dodge: Dodged            |    37 |    56 |   177 |   306 ||   576
       Rpst.: Long sword |       |       |       |    23 ||    23
